 Dungeon Crawl Stone Soup version 0.28-a0-206-gc2c9e32840 (webtiles) character file.

Game seed: 5721071691070676801

73124 jt the Severer (level 15, -8/190 HPs)
             Began as a Palentonga Fighter on Aug 20, 2021.
             Was the Champion of Okawaru.
             Mangled by a demonic crawler (9 damage)
             ... on level 2 of the Spider Nest.
             The game lasted 01:10:07 (18393 turns).

jt the Severer (Palentonga Fighter)                Turns: 18393, Time: 01:10:08

Health: -8/190     AC: 33    Str: 26    XL:     15   Next: 3%
Magic:  25/25      EV:  3    Int:  8    God:    Okawaru [******]
Gold:   1535       SH:  0    Dex: 10    Spells: 14/14 levels left

rFire   . . .      SeeInvis +   a - +4 broad axe (vamp)
rCold   + . .      Faith    .   c - +0 kite shield
rNeg    . . .      Spirit   .   H - +5 scale mail of the Goldsmith {*Corrode rPois Slay+5 Stlth-}
rPois   +          Reflect  .   U - +0 hat {SInv}
rElec   .          Harm     .   g - scarf {shadows}
rCorr   .          Rampage  .   t - +1 pair of gloves
Will    +....                   J - +4 barding {Fly}
Stlth   ..........              m - amulet of regeneration
HPRegen 1.41/turn               k - ring of protection from cold
MPRegen 0.19/turn               A - +4 ring of protection

@: confused, berserking, unable to read, flying, very slightly contaminated,
held, studying Maces & Flails, invisible, curled up, very quick
A: large, rugged brown scales 3, see invisible, deformed body, roll 1, armoured
tail, reflexive curl, horns 1, mutation resistance 1, inability to read while
threatened, sturdy frame 1
a: Rolling Charge, Renounce Religion, Heroism, Finesse, Duel


You were on level 2 of the Spider Nest.
You worshipped Okawaru.
Okawaru was exalted by your worship.
You visited 5 branches of the dungeon, and saw 20 of its levels.
You also visited: Ice Cave and Volcano.

You collected 2744 gold pieces.
You spent 1209 gold pieces at shops.

Inventory:

Hand Weapons
 a - a +4 vampiric broad axe (weapon)
 b - a +2 war axe of holy wrath
 e - the +10 trident of Famine {vorpal, rPois SInv}
   (You took it off a spriggan on level 2 of the Lair of Beasts)

   It inflicts extra damage upon your enemies.
   rPois:     It protects you from poison.
   SInv:      It lets you see invisible.
 u - a +2 broad axe of electrocution
 L - the +5 hunting sling of Due Proportion {speed, Will++}
   (Okawaru gifted it to you on level 3 of the Lair of Beasts)

   Attacks with this weapon are significantly faster.
   Will:      It greatly increases your willpower.
Missiles
 f - 40 poisoned darts (quivered)
 h - 5 curare-tipped darts
 i - 483 stones
 n - 178 sling bullets
 y - 28 boomerangs
 G - 4 silver boomerangs
 M - a throwing net
Armour
 c - a +0 kite shield (worn)
 g - a scarf of shadows (worn)
 t - a +1 pair of gloves (worn)
 H - the +5 scale mail of the Goldsmith (worn) {*Corrode rPois Slay+5 Stlth-}
   (You found it on level 8 of the Dungeon)

   Slay:      It affects your accuracy & damage with ranged weapons and melee
   (+5).
   rPois:     It protects you from poison.
   *Corrode:  It may corrode you when you take damage.
   Stlth:     It makes you less stealthy.
 J - a +4 barding of flying (worn)
 U - a +0 hat of see invisible (worn)
Jewellery
 k - a ring of protection from cold (left hand)
 m - an amulet of regeneration (around neck)
 p - the ring of Mougaimm {Fly rPois Str+2}
   (You acquired it on level 2 of the Orcish Mines)

   [ring of poison resistance]

   Str:       It affects your strength (+2).
   rPois:     It protects you from poison.
   Fly:       It grants you flight.
 A - a +4 ring of protection (right hand)
Wands
 w - a wand of mindburst (16)
 C - a wand of flame (42)
 F - a wand of iceblast (12)
 O - a wand of paralysis (9)
 S - a wand of polymorph (6)
 T - a wand of acid (9)
 V - a wand of digging (5)
Scrolls
 d - 6 scrolls of fog
 q - 3 scrolls of immolation
 s - a scroll of torment
 z - 4 scrolls of fear
 E - 3 scrolls of blinking
 W - 3 scrolls of magic mapping
 X - a scroll of vulnerability
Potions
 v - 2 potions of curing
 x - 5 potions of heal wounds
 B - a potion of haste
 D - 6 potions of might
 I - 4 potions of lignification
 N - a potion of resistance
 Q - a potion of magic {unknown}
 Y - a potion of cancellation {unknown}
 Z - a potion of invisibility


   Skills:
 + Level 11.4 Fighting
 + Level 17.0 Axes
 - Level 3.0 Armour
 - Level 9.0 Shields
 + Level 13.3 Invocations
 - Level 5.0 Evocations


You had 14 spell levels left.
You didn't know any spells.
Your spell library contained the following spells:

 Spells                   Type           Power      Damage    Failure   Level
 Freeze                   Ice            0%         1d3       58%         1
 Blink                    Tloc           N/A        N/A       73%         2
 Slow                     Hex            0%         N/A       73%         2
 Confusing Touch          Hex            0%         N/A       91%         3
 Frozen Ramparts          Ice            0%         1d2       91%         3
 Gell's Gravitas          Tloc           0%         N/A       91%         3
 Lesser Beckoning         Tloc           0%         N/A       91%         3
 Teleport Other           Tloc           0%         N/A       91%         3
 Hailstorm                Conj/Ice       0%         3d3       100%        4
 Freezing Cloud           Conj/Ice/Air   0%         6-21      100%        5
 Manifold Assault         Tloc           0%         N/A       100%        5
 Yara's Violent Unravell  Hex/Tmut       0%         3d3       100%        5
 Conjure Ball Lightning   Conj/Air       0%         3x3d6     100%        6
 Storm Form               Tmut/Air       0%         N/A       100%        7
 Discord                  Hex            0%         N/A       100%        8
 Disjunction              Tloc           0%         N/A       100%        8
 Polar Vortex             Ice            0%         N/A       100%        9
 Simulacrum               Ice/Necr       Unusable   N/A       N/A         6

Dungeon Overview and Level Annotations

Branches:
Dungeon (11/15)            Temple (1/1) D:5            Lair (4/6) D:10
 Shoals (0/4) Lair:2       Spider (2/4) Lair:3          Orc (2/2) D:11
    Elf (0/3) Orc:2         IceCv (visited)         Volcano (visited)

Altars:
Ashenzari
Gozag
Kikubaaqudgha
Okawaru
Qazlal
Trog
Uskayaw
Vehumet
Wu Jian
Yredelemnul
Beogh

Shops:
D:7 ?   Orc:2 ![[?

Portals:
Abyss: D:5

Annotations:
D:3 1 runed translucent door, Crazy Yiuf
Lair:4 Rupert


Innate Abilities, Weirdness & Mutations

You are completely covered in rugged brown scales. (AC +3, +7% HP)
You have supernaturally acute eyesight. (SInv)
Armour fits poorly on your strangely shaped body.
You can roll at nearby foes to attack.
You have a long armoured tail.
You curl defensively after being hit.
You have a pair of small horns on your head.
You are somewhat resistant to further mutation.
You sometimes lose the ability to read scrolls when taking damage.
Your movements are slightly less encumbered by armour. (ER -2)


Message History

* * * LOW HITPOINT WARNING * * *
The wolf spider bites you but does no damage.
The jumping spider barely misses you.
The jumping spider bites you but does no damage.
The demonic crawler hits you but does no damage. x2
The demonic crawler hits you.
* * * LOW HITPOINT WARNING * * *
The tarantella bites you but does no damage.
The redback bites you but does no damage.
The wolf spider hits you but does no damage.
The wolf spider barely misses you.
The wolf spider hits you but does no damage.
The wolf spider bites you but does no damage.
The jumping spider pounces on you but does no damage.
The jumping spider bites you but does no damage.
You cannot read scrolls in your current state!
Unknown command.
A red film seems to cover your vision as you go berserk!
You feel yourself moving faster!
You feel mighty! The tarantella barely misses you. The redback bites you.
* * * LOW HITPOINT WARNING * * *
The demonic crawler hits you but does no damage.
The demonic crawler hits you.
* * * LOW HITPOINT WARNING * * *
The demonic crawler hits you.
* * * LOW HITPOINT WARNING * * *
The wolf spider hits you.
* * * LOW HITPOINT WARNING * * *
The wolf spider bites you but does no damage.
The wolf spider hits you but does no damage.
The wolf spider bites you but does no damage.
The jumping spider pounces on you.
* * * LOW HITPOINT WARNING * * *
The jumping spider bites you but does no damage.
The tarantella bites you.
* * * LOW HITPOINT WARNING * * *
You are confused.
The demonic crawler hits you but does no damage. x2
The demonic crawler hits you!
You die...

###.##..#....#^...
...#. ##.........#....
.....##...(....#.#....
.....^#.^....^#####..#
. .....#.(#..### #..#
..##...#(.#### ####
......s#.....# #
.....sss......#
...#s@s......^.
#s........#.
.......#.....
.........#.....
#s.......## ...
..####..## .. ....


You could see a demonic crawler, 2 wolf spiders, 2 jumping spiders, a tarantella
and 2 redbacks.

Vanquished Creatures
  A ghost moth (Spider:2)
  An orc warlord (D:11)
  2 emperor scorpions
  2 entropy weavers
  The ghost of Vude the Cleaver, a journeyman HOMo of Beogh (Lair:2)
  The ghost of NigelTetley the Spear-Bearer, a journeyman MiFi of Trog (Lair:1)
  3 hydras
  A boulder beetle (D:7)
  An ogre mage (Volcano)
  A catoblepas (Lair:3)
  8 two-headed ogres
  2 ironbound frosthearts (IceCv)
  4 death yaks (IceCv)
  3 orc high priests (Orc:2)
  6 orc knights
  8 orb spiders
  An oklob plant (Lair:1)
  5 orc sorcerers (Orc:2)
  7 wolf spiders
  A cyclops (D:11)
  2 ugly things
  A black mamba (Lair:4)
  6 elephants (Lair:2)
  A merfolk siren (Lair:2)
  An ice statue (IceCv)
  7 cane toads
  A torpor snail (Lair:1)
  A rime drake (IceCv)
  An efreet (D:11)
  The ghost of gruber the Magician, a novice DjIE (D:5)
  A kobold demonologist (D:10)
  5 komodo dragons
  An ancient zyme (D:5)
  4 demonic crawlers (Spider:2)
  7 jumping spiders
  10 polar bears
  9 trolls
  A hornet (Lair:2)
  15 blink frogs
  13 redbacks
  3 spriggans
  A wraith (D:10)
  A shadow (D:11)
  A wyvern (Lair:2)
  37 yaks
  A basilisk (Lair:3)
  8 tarantellas
  A steam dragon (D:9)
  2 wargs
  An acid dragon (D:10)
  18 water moccasins
  23 orc warriors
  2 sky beasts (D:7)
  6 ice beasts
  4 black bears
  A hornet zombie (D:7)
  A necrophage (D:6)
  A small abomination (D:5)
  2 centaurs
  33 wolves
  6 ogres
  2 phantoms
  2 kobold brigands
  2 scorpions
  9 bullfrogs
  2 gnoll sergeants (D:9)
  5 killer bees
  8 wights
  3 howler monkeys
  A bullfrog zombie (D:6)
  4 centaur zombies
  A lava snake (Lair:3)
  A quasit (D:5)
  A hound (D:6)
  2 gnoll shamans
  17 orc priests
  A bullfrog skeleton (D:6)
  A jelly (D:7)
  A centaur skeleton (D:7)
  3 iguanas
  17 orc wizards
  A killer bee zombie (D:8)
  A hound skeleton (D:4)
  14 gnolls
  A howler monkey zombie (D:9)
  4 adders
  12 white imps (Lair:2)
  An ufetubus (D:5)
  2 worms
  A dart slug (D:1)
  37 orcs
  6 endoplasms
  4 giant cockroaches
  7 goblins
  12 hobgoblins
  4 jackals (D:2)
  16 kobolds
  2 quokkas (D:1)
  10 ball pythons
  9 bats
  2 frilled lizards
  4 rats
533 creatures vanquished.

Vanquished Creatures (others)
  A jumping spider (Spider:1)
  2 yaks (IceCv)
  An orc wizard (Orc:1)
  28 fungi
  47 plants
79 creatures vanquished.

Grand Total: 612 creatures vanquished

Notes
Turn   | Place    | Note
-------+----------+-------------------------------------------
     0 | D:1      | jt the Palentonga Fighter began the quest for the Orb.
     0 | D:1      | Reached XP level 1. HP: 19/19 MP: 1/1
    12 | D:1      | Found a faded altar of an unknown god.
    67 | D:1      | Reached XP level 2. HP: 16/25 MP: 2/2
   514 | D:1      | Reached XP level 3. HP: 23/31 MP: 3/3
  1695 | D:2      | Reached XP level 4. HP: 34/37 MP: 4/4
  1787 | D:2      | Reached skill level 3 in Axes
  2220 | D:3      | Found a runed translucent door.
  2414 | D:3      | Noticed Crazy Yiuf
  2925 | D:4      | Noticed a phantom
  2926 | D:4      | Killed a phantom
  2927 | D:4      | Reached XP level 5. HP: 43/43 MP: 5/5
  3061 | D:4      | Found an iron altar of Okawaru.
  3067 | D:4      | Became a worshipper of Warmaster Okawaru
  3357 | D:4      | Noticed a water moccasin
  3363 | D:4      | Killed a water moccasin
  3364 | D:4      | Reached skill level 4 in Axes
  3364 | D:4      | Reached XP level 6. HP: 47/50 MP: 6/6
  3457 | D:5      | Entered Level 5 of the Dungeon
  3523 | D:5      | Reached * piety under Okawaru
  3523 | D:5      | Noticed an ice beast
  3524 | D:5      | Found a transporter.
  3533 | D:5      | Killed an ice beast
  3534 | D:5      | Reached skill level 5 in Axes
  3591 | D:5      | Found a one-way gate to the infinite horrors of the Abyss.
  3609 | D:5      | Noticed gruber's ghost (novice DjIE)
  3609 | D:5      | Noticed an ancient zyme
  3629 | D:5      | Found a transporter.
  3733 | D:5      | Gained mutation: You curl defensively after being hit.
                  | [Palentonga growth]
  3733 | D:5      | Reached XP level 7. HP: 55/55 MP: 7/7
  3930 | D:5      | Found a staircase to the Ecumenical Temple.
  3935 | Temple   | Entered the Ecumenical Temple
  3994 | D:5      | Reached skill level 5 in Shields
  4355 | D:5      | Found a stormy altar of Qazlal.
  4356 | D:5      | Noticed a fire elemental
  4356 | D:5      | Noticed a water elemental
  4356 | D:5      | Noticed an air elemental
  4465 | D:6      | Reached skill level 6 in Axes
  4524 | D:6      | Reached ** piety under Okawaru
  4906 | D:5      | Reached XP level 8. HP: 35/63 MP: 8/8
  5089 | D:6      | Reached skill level 7 in Axes
  5670 | D:6      | Found a radiant altar of Vehumet.
  5672 | D:6      | Found an opulent altar of Gozag.
  5674 | D:6      | Found a bloodstained altar of Trog.
  5882 | D:7      | Reached *** piety under Okawaru
  5883 | D:7      | Reached skill level 8 in Axes
  5914 | D:7      | Reached XP level 9. HP: 43/68 MP: 9/9
  6209 | D:7      | Noticed a boulder beetle
  6219 | D:7      | Gained mutation: Your movements are slightly less
                  | encumbered by armour. (ER -2) [potion of mutation]
  6219 | D:7      | Gained mutation: You sometimes lose the ability to read
                  | scrolls when taking damage. [potion of mutation]
  6219 | D:7      | Gained mutation: You have a pair of small horns on your
                  | head. [potion of mutation]
  6219 | D:7      | Gained mutation: You are somewhat resistant to further
                  | mutation. [potion of mutation]
  6234 | D:7      | Killed a boulder beetle
  6234 | D:7      | Reached **** piety under Okawaru
  6235 | D:7      | Reached skill level 9 in Axes
  6495 | D:7      | Identified the +1 chain mail "Henani" {Fly}
  6668 | D:7      | Identified the +1 ring mail of Masochism {Fly MP+9 Stlth+}
  6718 | D:7      | Found a hide-covered altar of Uskayaw.
  6787 | D:7      | Found Nofaxov's Magic Scroll Shoppe.
  6790 | D:7      | Bought a scroll of immolation for 35 gold pieces
  6917 | D:7      | Reached skill level 10 in Axes
  7236 | D:7      | Identified the +2 robe "Vitokeot" {+Blink}
  7380 | D:8      | Reached XP level 10. HP: 74/74 MP: 10/10
  7628 | D:8      | Identified the +5 scale mail of the Goldsmith {*Corrode
                  | rPois Slay+5 Stlth-}
  7714 | D:8      | Reached ***** piety under Okawaru
  7916 | D:8      | Reached skill level 1 in Evocations
  8370 | D:9      | Reached skill level 11 in Axes
  8511 | D:9      | Noticed a two-headed ogre
  8521 | D:9      | Killed a two-headed ogre
  8521 | D:9      | Received a gift from Okawaru
  8604 | D:9      | Found an ancient bone altar of Kikubaaqudgha.
  8755 | D:9      | Reached skill level 5 in Evocations
  9139 | D:10     | Entered Level 10 of the Dungeon
  9193 | D:10     | Reached skill level 12 in Axes
  9193 | D:10     | Reached XP level 11. HP: 80/80 MP: 11/11
  9223 | D:10     | Found a staircase to the Lair.
  9264 | D:10     | Noticed a two-headed ogre
  9475 | Lair:1   | Entered Level 1 of the Lair of Beasts
  9487 | Lair:1   | Noticed an eight-headed hydra
  9502 | Lair:1   | Killed an eight-headed hydra
  9538 | Lair:1   | Reached skill level 1 in Invocations
  9540 | Lair:1   | Reached skill level 13 in Axes
  9578 | Lair:1   | Found a dark tunnel.
  9587 | Volcano  | Entered a volcano
  9603 | Volcano  | Noticed an ogre mage
  9606 | Volcano  | Noticed a two-headed ogre
  9606 | Volcano  | Noticed a two-headed ogre
  9608 | Volcano  | Noticed a two-headed ogre
  9610 | Volcano  | Noticed a two-headed ogre
  9611 | Volcano  | Killed a two-headed ogre
  9614 | Volcano  | Killed a two-headed ogre
  9614 | Volcano  | Received a gift from Okawaru
  9619 | Volcano  | Killed a two-headed ogre
  9627 | Volcano  | Killed a two-headed ogre
  9627 | Volcano  | Noticed a two-headed ogre
  9649 | Volcano  | Paralysed by an ogre mage for 4 turns
  9738 | Volcano  | Killed an ogre mage
  9739 | Volcano  | Reached skill level 5 in Invocations
  9742 | Volcano  | Noticed a two-headed ogre
  9744 | Volcano  | Killed a two-headed ogre
  9759 | Volcano  | Noticed a hell knight
  9780 | Volcano  | Killed a two-headed ogre
  9780 | Volcano  | Received a gift from Okawaru
  9855 | Lair:1   | Found a runed translucent door.
  9855 | Lair:1   | Noticed NigelTetley's ghost (journeyman MiFi)
  9947 | Lair:1   | You are sucked into a shaft and drop 1 floor!
 10065 | Lair:2   | Reached skill level 14 in Axes
 10092 | Lair:2   | Reached XP level 12. HP: 87/87 MP: 16/16
 10116 | Lair:2   | Found a frozen archway.
 10139 | IceCv    | Entered an ice cave
 10410 | IceCv    | Reached ****** piety under Okawaru
 10501 | IceCv    | Reached skill level 5 in Fighting
 10599 | IceCv    | Noticed a death yak
 10599 | IceCv    | Noticed a death yak
 10599 | IceCv    | Noticed a death yak
 10599 | IceCv    | Noticed an ironbound frostheart
 10599 | IceCv    | Noticed an ironbound frostheart
 10599 | IceCv    | Noticed a death yak
 10615 | IceCv    | Killed a death yak
 10622 | IceCv    | Killed an ironbound frostheart
 10622 | IceCv    | Received a gift from Okawaru
 10627 | IceCv    | Killed a death yak
 10636 | IceCv    | Killed a death yak
 10643 | IceCv    | Killed a death yak
 10656 | IceCv    | Killed an ironbound frostheart
 11101 | Lair:2   | Identified a scroll of acquirement
 11150 | Lair:2   | Reached skill level 15 in Axes
 11169 | Lair:2   | Reached XP level 13. HP: 101/101 MP: 20/20
 11827 | Lair:2   | Found a staircase to the Shoals.
 12216 | Lair:2   | Found a runed translucent door.
 12217 | Lair:2   | Noticed Vude's ghost (journeyman HOMo)
 12218 | Lair:2   | Identified the +10 trident of Famine {vorpal, rPois SInv}
 12468 | Lair:3   | Identified the +0 scale mail of Tenacity {rF+ Will- Stlth+}
 12506 | Lair:3   | Found the +5 robe of Night {Dark Will+ SInv}
 12523 | Lair:3   | Reached skill level 10 in Invocations
 12806 | Lair:3   | Received a gift from Okawaru
 13260 | Lair:3   | Found a hole to the Spider Nest.
 13355 | Lair:4   | Noticed Rupert
 13358 | Lair:4   | Paralysed by Rupert for 5 turns
 14427 | D:11     | Found a staircase to the Orcish Mines.
 14561 | D:11     | Received a gift from Okawaru
 15044 | Orc:1    | Entered Level 1 of the Orcish Mines
 15044 | Orc:1    | Noticed an orc warlord
 15119 | D:11     | Killed an orc warlord
 15120 | D:11     | Reached skill level 16 in Axes
 15168 | Orc:1    | Reached XP level 14. HP: 115/115 MP: 22/22
 15367 | Orc:2    | Entered Level 2 of the Orcish Mines
 15368 | Orc:2    | Found a staircase to the Elven Halls.
 15758 | Orc:2    | Found Palergh's Magic Scroll Boutique.
 16249 | Orc:2    | Reached skill level 10 in Fighting
 16306 | Orc:2    | Found Dubbi Waodd's Distillery.
 16325 | Orc:2    | Found Qoseeng's Armour Shoppe.
 16330 | Orc:2    | Bought a scroll of enchant weapon for 90 gold pieces
 16334 | Orc:2    | Found Zulisootusm's Armour Shoppe.
 16343 | Orc:2    | Bought a potion of invisibility for 112 gold pieces
 16355 | Orc:2    | Acquired 763 gold pieces
 16357 | Orc:2    | Bought a scroll of acquirement for 624 gold pieces
 16357 | Orc:2    | Acquired the ring of Mougaimm {Fly rPois Str+2}
 16359 | Orc:2    | Bought 2 scrolls of blinking for 180 gold pieces
 16359 | Orc:2    | Bought a scroll of magic mapping for 42 gold pieces
 16361 | Orc:2    | Bought a +1 pair of gloves for 126 gold pieces
 16876 | D:5      | Killed gruber's ghost
 17092 | Lair:1   | Killed NigelTetley's ghost
 17395 | Lair:2   | Killed Vude's ghost
 17522 | Spider:1 | Entered Level 1 of the Spider Nest
 17522 | Spider:1 | Noticed an emperor scorpion
 17572 | Lair:3   | Identified the +5 hunting sling of Due Proportion {speed,
                  | Will++} (Okawaru gifted it to you on level 3 of the Lair of
                  | Beasts)
 17572 | Lair:3   | Received a gift from Okawaru
 17602 | Spider:1 | Killed an emperor scorpion
 17822 | Spider:1 | Identified the +2 flail of Causality {vorpal, Str+3 Stlth+}
 18135 | Spider:2 | Noticed a ghost moth
 18149 | Spider:2 | Killed a ghost moth
 18160 | Spider:2 | Received a gift from Okawaru
 18302 | Spider:2 | Reached skill level 17 in Axes
 18308 | Spider:2 | Noticed an emperor scorpion
 18329 | Spider:2 | Killed an emperor scorpion
 18330 | Spider:2 | Reached XP level 15. HP: 110/127 MP: 23/25
 18393 | Spider:2 | HP: 5/190 [jumping spider (6)]
 18393 | Spider:2 | HP: 1/190 [tarantella (4)]
 18393 | Spider:2 | Mangled by a demonic crawler

Illustrated notes

Levels and vault maps discovered:
D:1:      dpeg_arrival_houses_and_road, layout_basic,
          ebering_ecumenical_altar_abandoned
D:2:      layout_basic, minivault_4
D:3:      layout_basic, serial_corexii_hall, corexii_hall_statues_x,
          corexii_hall_statues_i, chequers_serial_rivers_micro_b,
          uniq_crazy_yiuf_cottage
D:4:      layout_basic, mainiacjoe_overflow_tiny_flanked
D:5:      layout_basic, nicolae_qazlal_style_of_elements, temple_doors_cd,
          gammafunk_ghost_abyssal_escape, grunt_decor_resistance,
          hangedman_abyss_or_decor_stagger
D:6:      layout_cave_pools, grunt_temple_overflow_diamond, minmay_door_square
D:7:      hangedman_cross_stitches, layout_loops_corners, marbit_many_paths,
          serial_shops, nicolae_shop_behind_doors
D:8:      layout_loops_ring
D:9:      layout_stronghold, mainiacjoe_overflow_surrounded_room
D:10:     layout_basic, due_lair_maze_entry_diamond
D:11:     layout_cave_pools, orc_0_dummy, st_stairs_5
Temple:   bh_familiar_temple
Lair:1:   layout_small_grid, ebering_ghost_inner_flame,
          nicolae_volcano_entry_lava_flow, minmay_lair_oklob_chamber,
          infiniplex_staircase_pool_2, grunt_megastairs_5
Lair:2:   layout_cave_pods, minmay_shoals_entry_lonely_mermaid,
          ebering_ghost_funeral_grove, portal_ice_cave_entry_imps
Lair:3:   layout_gridlike, nicolae_spider_entry_orb_guardian, serial_forest,
          infiniplex_forest_corner_1, infiniplex_forest_lined_corner,
          infiniplex_forest_clump_curved, infiniplex_forest_corner_2,
          infiniplex_forest_lined_ring, infiniplex_forest_lined_1,
          infiniplex_forest_lined_4_way, infiniplex_forest_clump_curved,
          forest_entry_grove
Lair:4:   layout_regular_city, serial_bayou_shore_a, lemuel_fruit_fields,
          lemuel_fruit_fields, grunt_megastairs_1, uniq_rupert
Spider:1: layout_spider_delve
Spider:2: layout_spider_delve, guppyfry_spider_mini_2
Orc:1:    layout_caves, basic_altar
Orc:2:    st_orc_elflike, layout_caves

Skill      XL: |  1  2  3  4  5  6  7  8  9 10 11 12 13 14 |
---------------+-------------------------------------------+-----
Axes           | 3 4 5 6 8 10 12 14 15 16 17 | 17.0
Armour         | 3 |  3.0
Shields        | 3 4 5 7 8 9 |  9.0
Evocations     | 5 |  5.0
Invocations    | 6 9 11 13 | 13.3
Fighting       | 6 9 11 | 11.4

Action                   |  1- 3 |  4- 6 |  7- 9 | 10-12 | 13-15 || total
-------------------------+-------+-------+-------+-------+-------++-------
Melee: War axe           |   119 |    70 |   257 |   227 |    15 ||   688
       Tailslap          |    13 |     9 |    36 |    71 |   116 ||   245
       Headbutt          |       |       |    17 |   132 |   166 ||   315
       Broad axe         |       |       |       |   320 |   617 ||   937
       Spear             |       |       |       |     8 |    17 ||    25
 Fire: Hunting sling     |       |       |       |     3 |       ||     3
Throw: Dart              |     6 |     3 |    28 |    46 |    92 ||   175
       Stone             |       |     1 |       |       |       ||     1
       Boomerang         |       |       |    12 |     2 |       ||    14
Invok: Heroism           |       |       |     1 |     6 |    11 ||    18
       Finesse           |       |       |       |       |     1 ||     1
 Abil: Rolling Charge    |    21 |    16 |    19 |    19 |    85 ||   160
       Evoke Blink       |       |       |       |     1 |       ||     1
Evoke: Wand              |       |       |       |     8 |     5 ||    13
  Use: Scroll            |       |     2 |     7 |     6 |    17 ||    32
       Potion            |       |     3 |     5 |       |    10 ||    18
 Stab: Distracted        |       |       |       |     1 |       ||     1
       Invisible         |       |       |       |       |     1 ||     1
Armor: Scale mail        |    87 |    18 |    45 |   250 |   460 ||   860
       Skin              |       |     5 |    17 |       |       ||    22
       Chain mail        |       |       |    17 |       |       ||    17
       Robe              |       |       |     8 |    13 |     6 ||    27
Dodge: Dodged            |    35 |    11 |    75 |   102 |   156 ||   379
Block: Kite shield       |    53 |    29 |   102 |   258 |   301 ||   743

Table legend: (Time is in decaauts)
 A = Elapsed time spent in this place.
 B = Non-inter-level travel time spent in this place.
 C = Inter-level travel time spent in this place.
 D = Time resting spent in this place.
 E = Time spent auto-exploring this place.
 F = Levels seen in this place.
 G = Mean time per level.
                   A        B        C        D        E       F      G
               +--------+--------+--------+--------+--------+-----+--------+
         Total |  18373 |  16968 |   1405 |   2415 |   9172 |  22 |  835.1 |
       Dungeon |  11366 |  10493 |    873 |   1805 |   6057 |  11 | 1033.3 |
        Temple |     21 |     21 |      0 |      0 |      0 |   1 |   21.0 |
          Lair |   3582 |   3185 |    397 |    252 |   1734 |   4 |  895.5 |
   Spider Nest |    767 |    680 |     87 |      0 |    326 |   2 |  383.5 |
  Orcish Mines |   1517 |   1470 |     47 |    144 |    748 |   2 |  758.5 |
      Ice Cave |    879 |    879 |      0 |    172 |    307 |   1 |  879.0 |
       Volcano |    238 |    238 |      0 |     42 |      0 |   1 |  238.0 |
               +--------+--------+--------+--------+--------+-----+--------+

Top non-repeatable levels by time:
     D:5: 1599 daAuts
     D:7: 1383 daAuts
  Lair:2: 1244 daAuts
     D:1: 1196 daAuts
     D:6: 1144 daAuts
   Orc:2: 1128 daAuts
  Lair:3: 1117 daAuts
    D:10: 1011 daAuts
     D:8: 994 daAuts
     D:9: 905 daAuts
  Lair:1: 899 daAuts
   IceCv: 879 daAuts
     D:2: 858 daAuts
     D:3: 826 daAuts
    D:11: 746 daAuts
